AoeStats
← 化劲省二

Arena

504865188Analyzed
1v1 RM · 27d ago on Sep 6, 2026· 36m 15s· 2 players
Game mode
Random Map
Map size
Tiny (2 player)
Population
200
Speed
Normal
Resources
Standard
Victory
Conquest
Starting age
Dark Age
Ending age
Imperial Age
RankedLock teamsTeams togetherTeam positionsShared explorationLock speedFull tech treeHidden civsTurbo modeCheats
Victory
Defeat
🇨🇳 Bohemians · China
1180
+17
🇨🇳 Khitans · China
1207
-17
化劲省二
10:46 Feudal Age
9:08 Loom
10:53 Feudal Age
10:56 Loom
12:34 Double-Bit Axe
15:08 Castle Age
13:17 Domestication
15:18 Town Watch
15:28 Gold Mining
17:36 Wheelbarrow
17:28 Forging
21:39 Squires
24:17 Scale Mail Armor
绵绵
9:27 Feudal Age
13:15 Castle Age
12:57 Loom
13:44 Loom
15:30 Horse Collar
16:18 Sanctity
16:09 Fervor
15:42 Pikeman
19:12 Double-Bit Axe
19:53 Devotion
36:16 Fletching
Connection lost

Rejoining the realm…

Still unreachable

The connection could not be restored.

Session expired

The server has moved on; the page needs a fresh start.